Map: Abiogenesis LE

Players

Kozzy

  • Race: Protoss Protoss
  • League: Gold
  • Spawn Location: 11:00

MvK - Winner!

  • Race: Zerg Zerg
  • League: Platinum
  • Spawn Location: 5:00

VOD

Have the link to the VOD?

Description

Time

  • Played on: April 6, 2018, 12:52 a.m.
  • Length: 8:14
Show
View Real Time Build Order
Export as new Build Order

Kozzy Protoss 

Build Orders:  

Get SALT Encoding   

  12  0:01  Probe  
  13  0:13  Probe  
  14  0:21  Pylon  
  14  0:30  Probe  
  15  0:40  Gateway  
  15  0:42  Probe (Chrono Boost)  
  16  0:54  Probe (Chrono Boost)  
  17  0:59  Probe (Chrono Boost)  
  18  1:09  Assimilator  
  18  1:13  Assimilator  
  18  1:23  Pylon  
  18  1:26  Zealot (Chrono Boost)  
  20  1:37  Cybernetics Core  
  20  1:38  Forge  
  20  1:46  Pylon  
  20  1:54  Zealot  
  22  1:58  Probe  
  23  2:05  Protoss Ground Weapons Level 1 (Chrono Boost)  
  23  2:10  Probe  
  24  2:18  Warp Gate  
  24  2:27  Pylon  
  24  2:34  Stalker  
  24  2:46  Gateway  
  24  2:51  Gateway  
  24  3:04  Shield Battery  
  24  3:10  Stalker  
  26  3:22  Photon Cannon  
  26  3:40  Pylon, Zealot  
  28  3:52  Probe  
  29  4:04  Probe, Twilight Council  
  30  4:21  Gateway  
  30  4:23  Gateway  
  30  4:25  Pylon  
  30  4:49  Zealot x2  
  30  4:50  Protoss Ground Weapons Level 2 (Chrono Boost)  
  30  4:51  Charge (Chrono Boost)  
  34  5:03  Pylon  
  34  5:12  Zealot x2  
  38  5:19  Zealot x2  
  42  5:36  Zealot x2  
  46  6:03  Stalker  
  48  6:14  Zealot x3  
  54  6:28  Zealot  
  54  6:32  Pylon  
  56  6:37  Zealot x2  
  56  6:38  Zealot  
  62  6:49  Gateway  
  62  6:51  Gateway  
  62  6:57  Zealot  
  62  6:58  Zealot  
  62  6:59  Zealot x2  
  70  7:19  Zealot  
  70  7:20  Zealot x3  
  78  7:48  Pylon  
  78  7:52  Pylon  
  78  7:55  Pylon  
Show
View Real Time Build Order
Export as new Build Order

MvK Zerg - Winner!

Build Orders: Pool First 

Get SALT Encoding   

  12  0:03  Drone  
  13  0:08  Drone  
  14  0:19  Overlord  
  14  0:27  Extractor, Drone  
  15  0:42  Drone  
  16  0:43  Spawning Pool  
  16  0:46  Drone  
  16  0:50  Drone  
  17  1:20  Hatchery  
  17  1:21  Drone  
  17  1:25  Drone  
  18  1:26  Extractor  
  17  1:33  Zergling x2  
  17  1:34  Zergling x2  
  17  1:39  Queen  
  21  1:44  Drone  
  22  1:54  Overlord  
  22  2:01  Extractor  
  22  2:04  Drone  
  23  2:23  Drone  
  22  2:40  Extractor  
  22  2:41  Drone x2  
  22  2:44  Drone x2, Queen  
  25  2:50  Lair  
  27  2:53  Drone x2  
  27  2:54  Drone  
  30  3:00  Spine Crawler  
  30  3:04  Drone  
  30  3:06  Drone  
  30  3:07  Spine Crawler  
  30  3:17  Drone x2  
  30  3:19  Drone  
  33  3:42  Hatchery  
  33  3:43  Drone  
  33  3:44  Drone  
  34  3:57  Hydralisk Den  
  34  3:59  Drone  
  34  4:00  Drone  
  34  4:01  Overlord x2  
  35  4:07  Extractor, Drone  
  35  4:18  Pneumatized Carapace  
  35  4:20  Drone x3  
  35  4:23  Drone  
  35  4:24  Drone x3  
  42  4:37  Drone x2  
  44  4:39  Drone x3  
  44  4:42  Extractor  
  46  4:45  Hydralisk  
  46  4:46  Hydralisk  
  46  4:49  Overlord  
  46  4:51  Overlord  
  50  5:02  Drone  
  50  5:05  Hydralisk x2  
  55  5:08  Hydralisk x2  
  55  5:11  Hydralisk  
  61  5:19  Overseer  
  61  5:22  Drone x3  
  61  5:26  Overlord x2  
  64  5:30  Spine Crawler  
  64  5:31  Drone x2  
  64  5:33  Drone  
  66  5:38  Queen  
  66  5:41  Zergling x4  
  70  5:43  Zergling x2  
  71  5:53  Hydralisk x3  
  71  5:56  Zergling x4  
  79  6:33  Hydralisk x3  
  79  6:37  Extractor  
  84  6:42  Hydralisk x3  
  90  6:50  Muscular Augments, Roach Warren  
  90  6:51  Overlord x2  
  90  6:53  Overlord  
  89  7:13  Infestation Pit  
  88  7:16  Hydralisk  
  88  7:17  Hydralisk x4  
  88  7:20  Hydralisk x3  
  88  7:21  Hydralisk x2  
  108  7:23  Hydralisk x3  
  114  7:45  Overlord x2  
  114  7:46  Overlord  
Tags
 
Add a new tag
Caveats
  • Supply blocks, unpowered buildings, or Contaminate may cause inaccurate times.
  • Supply counts are checked every 10 seconds.